 Dungeon Crawl Stone Soup version 0.18-a0-1718-g40ea4b6 (webtiles) character file.

10 M4edhros the Scratcher (level 2, 0/14 HPs)
             Began as a Felid Chaos Knight on Apr 8, 2016.
             Slain by a giant gecko (5 damage)
             ... on level 1 of the Dungeon.
             The game lasted 00:00:56 (2396 turns).

M4edhros the Scratcher (Felid Chaos Knight)         Turns: 2396, Time: 00:00:56

Health: 0/14       AC:  1    Str:  8    XL:     2   Next: 10%
Magic:  3/3        EV: 18    Int: 13    God:    Xom [..*...]
Gold:   0          SH:  0    Dex: 15    Spells: 0 memorised, 1 level left
                                        Lives:  0   Deaths: 0

rFire  . . .     SeeInvis +       - Unarmed
rCold  . . .     Gourm    .     (armour unavailable)
rNeg   . . .     Faith    .     (shield unavailable)
rPois  .         Spirit   .     (helmet unavailable)
rElec  .         Dismiss  .     (cloak unavailable)
rCorr  .         Reflect  .     (gloves unavailable)
SustAt .         Harm     .     (boots unavailable)
MR     .....                    (no amulet)
Stlth  ++........               (no ring)
                                (no ring)

@: quick, not resistant to hostile enchantments, unstealthy
A: no armour, no weapons or thrown items, claws 1, fangs 3, see invisible,
carnivore 3, speed 1, shaggy fur 1, slow metabolism 1, sharp paws
a: Renounce Religion


You were on level 1 of the Dungeon.
You worshipped Xom.
You were a toy of Xom.
You were full.

You visited 1 branch of the dungeon, and saw 1 of its levels.

Inventory:

Scrolls
 c - a scroll of amnesia {unknown}
Comestibles
 a - a meat ration


   Skills:
 - Level 3.0 Fighting
 - Level 3.2 Dodging
 + Level 3.6 Unarmed Combat


You had one spell level left.
You didn't know any spells.

Dungeon Overview and Level Annotations

Branches:
Dungeon (1/15)

Altars:


Innate Abilities, Weirdness & Mutations

You cannot wear armour.
You are incapable of wielding weapons or throwing items.
You have sharp claws.
You have razor-sharp teeth.
You have supernaturally acute eyesight.
You are carnivorous and can eat meat at any time.
You cover ground quickly.
You are covered in fur (AC +1).
You have a slow metabolism.
Your sharp claws are effective at attacking unaware monsters.


Message History

You barely miss the giant gecko. The giant gecko barely misses you.
You scratch the giant gecko. Your claw misses the giant gecko.
The giant gecko is heavily wounded.
The giant gecko bites you.
You closely miss the giant gecko. Your bite misses the giant gecko.
The giant gecko is heavily wounded.
The giant gecko barely misses you. The kobold hits you with a short sword.
You scratch the giant gecko.
The giant gecko is severely wounded.
The giant gecko bites you but does no damage.
The kobold barely misses you.
You scratch the giant gecko but do no damage.
The giant gecko is severely wounded.
The giant gecko closely misses you. The kobold closely misses you.
You closely miss the giant gecko.
You bite the giant gecko, but do no damage.
The giant gecko is severely wounded.
The giant gecko bites you.
You die...
Xom yawns loudly!

, #..##.####### ,,.#
**####.###(......##
,....##.รท..# #.#####..#
,#.....### #(#####..#####
*#...###..####.#...#..#...#
.g., #.......(#...#..#.[.#
#* *#.)......#...)..'.<.#
,** ,*#......K(#...#..#...#
**.........#..#@#...####...#
*.........#..#l##'##* ##'##
.........#.......##..##...*
.........##................#
.........##......##..##....#
.........##...##'# ###+##.#
.........##...#...#* .# ,
*#...#...# , # #.#.#l>.'


You could see a giant gecko and a kobold.

Vanquished Creatures
  3 goblins (D:1)
  A ball python (D:1)
  2 bats (D:1)
  A giant newt (D:1)
  4 rats (D:1)
11 creatures vanquished.

Notes
Turn   | Place    | Note
--------------------------------------------------------------
     0 | D:1      | M4edhros the Felid Chaos Knight began the quest for the Orb.
     0 | D:1      | Reached XP level 1. HP: 10/10 MP: 2/2
   310 | D:1      | XOM: scenery: 2 doors open
  1254 | D:1      | XOM: divination: detect creatures
  1520 | D:1      | XOM: potion effect (heal wounds)
  1554 | D:1      | Reached XP level 2. HP: 6/14 MP: 3/3
  1632 | D:1      | XOM: divination: detect items
  2036 | D:1      | XOM: colour smoke trail
  2079 | D:1      | XOM is BORED!
  2079 | D:1      | XOM: mild Ice miscast
  2182 | D:1      | XOM: harmless Ice miscast
  2251 | D:1      | XOM: divination: magic mapping
  2396 | D:1      | Slain by a giant gecko

Vault maps used:
D:1:      dpeg_arrival_houses_and_road

Action                   || total
-------------------------++-------
Melee: Unarmed           ||    53
  Eat: Chunk             ||     7
